AoeStats
← 海峡

Nomad

507680979Analyzed
4v4 RM · 14d ago on Sep 19, 2026· 50m 42s· 8 players
Game mode
Random Map
Map size
231×231
Population
200
Speed
Normal
Resources
Standard
Victory
Conquest
Starting age
Dark Age
Ending age
Imperial Age
RankedLock teamsTeams togetherTeam positionsShared explorationLock speedFull tech treeHidden civsTurbo modeCheats
Victory
Defeat
🇨🇳 Inca · China
1432
+13
🇹🇼 Mongols · Taiwan
1336
+16
🇻🇳 Franks · Vietnam
1306
+18
🇨🇳 Dravidians · China
1224
+21
🇨🇳 Bohemians · China
1372
-18
🇪🇸 Turks · Spain
1369
-18
🇹🇼 Persians · Taiwan
1342
-17
🇦🇹 Berbers · Austria
1295
-15
海峡
15:42 Feudal Age
15:10 Loom
16:35 Double-Bit Axe
20:08 Castle Age
18:07 Fishing Lines
18:18 Town Watch
19:03 Forging
19:47 Gold Mining
20:09 Scale Mail Armor
21:03 Medium Warships
21:13 Bow Saw
22:46 Gold Shaft Mining
22:09 Stone Mining
29:30 Fletching
31:20 Bodkin Arrow
43:38 Gillnets
44:20 Clinker Construction
45:21 Wheelbarrow
47:03 Hand Cart
50:08 Caravan
52:46 Imperial Age
大漁哥哥
5:20 Loom
13:41 Feudal Age
18:00 Castle Age
16:59 Double-Bit Axe
17:43 Gold Mining
20:51 Bow Saw
21:07 Fletching
21:18 Padded Archer Armor
23:17 Bodkin Arrow
24:59 Leather Archer Armor
25:51 Horse Collar
28:59 Wheelbarrow
34:05 Imperial Age
32:22 Bloodlines
32:12 Husbandry
33:01 Ballistics
34:31 Thumb Ring
35:28 Bracer
36:07 Gold Shaft Mining
35:59 Conscription
36:37 Parthian Tactics
36:54 Heavy Plow
38:22 Chemistry
37:33 Masonry
38:44 Elite Mangudai
42:04 Murder Holes
42:23 Light Cavalry
43:14 Forging
43:10 Scale Barding Armor
43:26 Hussar
45:28 Hoardings
45:40 Chain Barding Armor
46:42 Iron Casting
冰石戟
5:08 Loom
13:12 Feudal Age
13:59 Man-at-Arms
15:13 Double-Bit Axe
16:34 Arson
16:37 Fishing Lines
20:27 Castle Age
21:50 Gillnets
24:03 Bow Saw
23:59 Horse Collar
25:12 Heavy Plow
26:39 Wheelbarrow
27:56 Pikeman
28:37 Squires
28:40 Scale Mail Armor
30:01 Chain Mail Armor
31:17 Stone Mining
31:20 Gold Mining
31:59 Hand Cart
32:05 Hand Cart
34:30 Imperial Age
32:40 Forging
33:09 Long Swordsman
33:34 Gambesons
35:38 Conscription
35:07 Town Watch
36:28 Two-Man Saw
36:12 Plate Mail Armor
36:17 Iron Casting
35:04 Two-Handed Swordsman
36:17 Champion
37:15 Guilds
37:37 Halberdier
42:06 Blast Furnace
40:58 Fletching
41:44 Wootz Steel
42:56 Padded Archer Armor
43:58 Thumb Ring
43:46 Elite Skirmisher
44:26 Bodkin Arrow
44:46 Leather Archer Armor
44:40 Town Patrol
45:59 Bracer
47:22 Ring Archer Armor
47:56 Chemistry
47:16 Ballistics
46:42 Arrowslits
47:08 Masonry
48:38 Elite Elephant Archer
50:30 Coinage
Nguyen_Tea
4:24 Loom
13:47 Feudal Age
18:48 Castle Age
16:52 Double-Bit Axe
17:42 Gold Mining
19:02 Wheelbarrow
20:08 Bow Saw
20:36 Gold Shaft Mining
20:16 Husbandry
24:01 Scale Barding Armor
25:55 Stone Mining
28:17 Chain Barding Armor
28:31 Forging
29:58 Pikeman
30:38 Squires
32:07 Scale Mail Armor
32:32 Fletching
33:45 Hand Cart
39:20 Imperial Age
37:54 Arson
38:47 Iron Casting
38:27 Chain Mail Armor
39:28 Halberdier
41:40 Plate Mail Armor
42:11 Blast Furnace
42:43 Conscription
44:14 #83
44:00 Capped Ram
46:33 Elite Throwing Axeman
47:58 Bodkin Arrow
49:27 Cavalier
50:44 Plate Barding Armor
50:32 Paladin
linyankuang0725
6:01 Loom
15:46 Feudal Age
20:50 Castle Age
18:58 Double-Bit Axe
20:21 Gold Mining
20:44 Bloodlines
20:24 Fishing Lines
21:55 Bow Saw
23:11 Scale Barding Armor
24:00 Gold Shaft Mining
26:29 Chain Barding Armor
25:55 Horse Collar
28:08 Forging
28:10 Husbandry
30:42 Stone Mining
31:33 Wheelbarrow
35:50 Imperial Age
36:44 Plate Barding Armor
36:29 Cavalier
37:19 Heavy Plow
39:01 Light Cavalry
40:40 Stone Shaft Mining
苏东坡的粉丝
6:15 Loom
14:42 Feudal Age
19:39 Castle Age
17:28 Double-Bit Axe
19:25 Fishing Lines
20:34 Medium Warships
20:51 Bow Saw
21:13 Fletching
22:43 Bodkin Arrow
28:05 Padded Archer Armor
34:36 Ballistics
39:15 Leather Archer Armor
39:23 Town Watch
40:14 Wheelbarrow
43:17 Chemistry
46:10 Chemistry
48:05 Imperial Age
49:57 Conscription
Grimbel
4:22 Loom
15:29 Feudal Age
16:03 Double-Bit Axe
16:19 Fishing Lines
20:50 Castle Age
19:57 Scale Barding Armor
20:03 Forging
20:31 Bloodlines
21:24 Gold Mining
22:10 Chain Barding Armor
22:59 Husbandry
24:24 Iron Casting
24:11 Stone Mining
24:49 Gillnets
27:14 Fletching
28:09 Bodkin Arrow
29:25 Wheelbarrow
28:35 Town Watch
29:23 Horse Collar
30:27 Hand Cart
31:12 Gold Shaft Mining
31:55 Ballistics
36:16 Imperial Age
34:47 Heavy Plow
35:49 Padded Archer Armor
36:02 Masonry
38:12 Artillery
38:46 Architecture
41:05 Bow Saw
40:50 Elite Janissary
43:44 Two-Man Saw
44:18 Bracer
44:35 Leather Archer Armor
44:36 Town Patrol
47:10 Ring Archer Armor
47:26 Conscription
Teufelchen
5:16 Loom
14:12 Feudal Age
17:58 Castle Age
22:59 Fletching
26:38 Double-Bit Axe
26:58 Bodkin Arrow
28:25 Fishing Lines
29:53 Wheelbarrow
32:51 Imperial Age
31:46 Bow Saw
33:41 Horse Collar
35:21 Conscription
35:39 Hand Cart
37:44 Bloodlines
37:36 Bracer
38:23 Padded Archer Armor
38:25 Husbandry
39:52 Ballistics
39:08 Elite Camel Archer
41:31 Chemistry
41:42 Leather Archer Armor
42:23 Light Cavalry
43:01 Gold Mining
44:27 Ring Archer Armor
44:29 Scale Barding Armor
44:35 Forging
46:22 Chain Barding Armor
46:21 Hussar
48:36 Iron Casting
48:17 Heavy Plow
48:19 Capped Ram
50:14 Plate Barding Armor
Connection lost

Rejoining the realm…

Still unreachable

The connection could not be restored.

Session expired

The server has moved on; the page needs a fresh start.